 Dungeon Crawl Stone Soup version 0.22.0-16-gc6d26f6 (webtiles) character file.

99 shadizar the Skirmisher (level 4, 0/29 HPs)
             Began as a Gargoyle Fighter on Aug 17, 2018.
             Slain by a gnoll
             ... wielding a +0 whip
              (4 damage)
             ... on level 2 of the Dungeon.
             The game lasted 00:03:08 (1419 turns).

shadizar the Skirmisher (Gargoyle Fighter)          Turns: 1419, Time: 00:03:09

Health: 0/29       AC: 10    Str: 20    XL:     4   Next: 72%
Magic:  4/4        EV:  8    Int:  9    God:
Gold:   143        SH:  9    Dex:  9    Spells: 3/3 levels left

rFire    . . .     SeeInvis .   a - +0 flail
rCold    . . .     Gourm    .   c - +0 shield
rNeg     + . .     Faith    .   b - +0 scale mail
rPois    ∞         Spirit   .   (no helmet)
rElec    +         Reflect  .   (no cloak)
rCorr    .         Harm     .   (no gloves)
MR       .....                  (no boots)
Stlth    ..........             (no amulet)
HPRegen  0.09/turn              (no ring)
MPRegen  0.09/turn              (no ring)

@: no status effects
A: negative energy resistance 1, electricity resistance, unbreathing,
petrification resistance, rot immunity, AC +3
a: no special abilities


You were on level 2 of the Dungeon.
You were not hungry.

You visited 1 branch of the dungeon, and saw 2 of its levels.

You collected 143 gold pieces.

Inventory:

Hand Weapons
 a - a +0 flail (weapon)
 l - a +0 mace
Armour
 b - a +0 scale mail (worn)
 c - a +0 shield (worn)
Scrolls
 g - 4 scrolls of teleportation {unknown}
 h - 3 scrolls of identify {unknown}
 i - 2 scrolls of remove curse {unknown}
 j - a scroll of immolation {unknown}
 k - 2 scrolls of random uselessness {unknown}
 m - a scroll of enchant weapon {unknown}
 n - a scroll of noise {unknown}
Potions
 d - a potion of haste {unknown}
 e - a potion of invisibility {unknown}
 o - a potion of agility {unknown}
Comestibles
 f - 3 rations


   Skills:
 + Level 3.9 Fighting
 + Level 2.8 Maces & Flails
 + Level 3.9 Armour
 + Level 1.2 Dodging
 + Level 3.9 Shields


You had 3 spell levels left.
You didn't know any spells.
Your spell library was empty.

Dungeon Overview and Level Annotations

Branches:
Dungeon (2/15)

Altars:
Ashenzari
Makhleb
Yredelemnul


Innate Abilities, Weirdness & Mutations

You are resistant to torment.
Your stone body is resilient. (AC +3)
You are immune to poison.
You resist negative energy. (rN+)
You are resistant to electric shocks. (rElec)
You can survive without breathing.
You are immune to petrification.
You are immune to rotting.


Message History

You hit the gnoll.
The gnoll is moderately wounded.
The gnoll closely misses you.
You hit the gnoll.
The gnoll is severely wounded.
The gnoll hits you with a whip.
You closely miss the gnoll.
The gnoll is severely wounded.
You block the gnoll's attack. The gnoll hits you but does no damage.
You hit the gnoll but do no damage.
The gnoll is heavily wounded.
The gnoll hits you but does no damage.
You completely miss the gnoll.
The gnoll is heavily wounded.
The gnoll hits you with a whip.
* * * LOW HITPOINT WARNING * * *
You barely miss the gnoll.
The gnoll is heavily wounded.
You block the gnoll's attack. The gnoll hits you with a whip.
You die...

##.#........##
##....†...
#....#####...#
#..#.#.#.#
#....<.......# ##.
##8#_#.#.#
..########.#.##....
.##########
.................... ...
.#####.......######.....
## ##........## .....
####..........####......
................@g......
####..........####......
# #..........# ..... #
#..........# ....
##........## ...
#..........# ..
#..........# #
#..........#
#..........#


You could see a gnoll.

Vanquished Creatures
  3 gnolls
  3 adders
  An ooze (D:1)
  A worm (D:2)
  4 giant cockroaches
  3 goblins (D:1)
  4 hobgoblins
  4 kobolds
  A quokka (D:2)
  A ball python (D:1)
  6 bats
  4 frilled lizards
  5 rats
40 creatures vanquished.

Notes
Turn   | Place    | Note
-------+----------+-------------------------------------------
     0 | D:1      | shadizar the Gargoyle Fighter began the quest for the Orb.
     0 | D:1      | Reached XP level 1. HP: 14/14 MP: 1/1
   143 | D:1      | Found a shattered altar of Ashenzari.
   257 | D:1      | Reached XP level 2. HP: 18/19 MP: 2/2
   580 | D:1      | You fall through a shaft!
   610 | D:2      | Reached XP level 3. HP: 20/23 MP: 3/3
  1016 | D:2      | Found a basalt altar of Yredelemnul.
  1032 | D:2      | Reached skill level 1 in Dodging
  1039 | D:2      | Found a burning altar of Makhleb.
  1135 | D:1      | Reached XP level 4. HP: 23/29 MP: 4/4
  1419 | D:2      | Slain by a gnoll

Skill      XL: |  1  2  3 |
---------------+----------+-----
Dodging        | 1 |  1.2
Fighting       | |  3.9
Maces & Flails | |  2.8
Armour         | |  3.9
Shields        | |  3.9

Action                   |  1- 3 |  4- 6 || total
-------------------------+-------+-------++-------
Melee: Flail             |   120 |    42 ||   162
  Use: Potion            |     1 |       ||     1
  Eat: Chunk             |     1 |     1 ||     2
Armor: Scale mail        |    97 |    17 ||   114
Dodge: Dodged            |    60 |    11 ||    71
Block: Shield            |   100 |    14 ||   114
